 Dungeon Sprint DCSS version 0.30-a0-424-g7412bad402 (webtiles) character file.

Game seed: 8393896533255839606

3948 rocky1 the Timeless (level 10, -6/99 HPs)
             Began as a Naga Fighter on Dec 9, 2022.
             Was a High Priest of Cheibriados.
             Killed from afar by a steam dragon (18 damage)
             ... with a ball of steam
             ... in the Dungeon (Sprint VII: "The Pits").
             The game lasted 00:04:03 (1490 turns).

rocky1 the Timeless (Naga Fighter)                  Turns: 1490, Time: 00:04:04

Health: -6/99      AC: 14    Str: 36    XL:     10   Next: 21%
Magic:  11/20      EV: 10    Int: 24    God:    Cheibriados [*****.]
Gold:   0          SH:  7    Dex: 24    Spells: 9/9 levels left

rFire   . . .      SeeInvis +    n - +2 war axe (vorpal)
rCold   . . .      Faith    .    c - +0 buckler
rNeg    . . .      Spirit   .    p - +2 ring mail {Will+}
rPois   +          Reflect  .    (no helmet)
rElec   .          Harm     .    q - +0 cloak
rCorr   .          Rampage  .    (no gloves)
Will    ++...      NoTele   +    (no barding)
Stlth   +.........               (no amulet)
HPRegen 0.36/turn                b - +3 ring of intelligence
MPRegen 0.17/turn                g - +3 ring of protection

@: very slow
A: AC +3, large, see invisible, deformed body, poison resistance, slowness 2,
spit poison 1, naga tail 1
a: Spit Poison, Renounce Religion, Bend Time, Temporal Distortion, Slouch, Step
From Time


You were in the Dungeon.
You worshipped Cheibriados.
Cheibriados was extremely pleased with you.
You visited 1 branch

Inventory:

Hand Weapons
 a - a +0 war axe
 n - a +2 vorpal war axe (weapon)
Missiles
 o - 4 poisoned darts
Armour
 c - a +0 buckler (worn)
 p - a +2 ring mail of willpower (worn)
 q - a +0 cloak (worn)
Jewellery
 b - a +3 ring of intelligence (left hand)
 g - a +3 ring of protection (right hand)
Scrolls
 l - 5 scrolls of amnesia
 m - a scroll of summoning
Potions
 d - a potion of might
 e - 8 potions of curing
 f - 10 potions of heal wounds
 h - 2 potions of magic
 i - 3 potions of berserk rage
 j - a potion of brilliance
 k - 2 potions of invisibility


   Skills:
 + Level 9.0 Fighting
 + Level 12.2 Axes
 + Level 9.1 Armour
 + Level 2.4 Dodging
 + Level 7.0 Shields
 * Level 14.4 Invocations


You had 9 spell levels left.
You didn't know any spells.
Your spell library was empty.

Dungeon Overview and Level Annotations

Branches:
Dungeon (1/1)

Altars:
Ashenzari
Cheibriados
Dithmenos
Elyvilon
Fedhas
Gozag
Hepliaklqana
Kikubaaqudgha
Makhleb
Nemelex Xobeh
Okawaru
Qazlal
Ru
Sif Muna
Trog
Uskayaw
Vehumet
Wu Jian
Xom
Yredelemnul
Zin
The Shining One
Jiyva
Lugonu


Innate Abilities, Weirdness & Mutations

Your serpentine skin is tough. (AC +3)
You have supernaturally acute eyesight. (SInv)
Armour fits poorly on your strangely shaped body.
Your system is resistant to poisons. (rPois)
You cover ground very slowly.
You can spit poison.
You have a snake-like lower body.


Message History

Unknown command.
Okay, then.
Activating: Slouch (1% risk of failure)
Press: ? - help, Dir - look around, f - activate You can feel time thicken for a moment.
Cheibriados lowers the support of your attributes as your movement quickens.
You are engulfed in a cloud of scalding steam.
The deep elf zephyrmancer is engulfed in a cloud of scalding steam.
The deep elf zephyrmancer gestures at you while chanting.
The bolt of lightning hits you!
The molten gargoyle blasts magma at you!
The bolt of magma hits you!
* * * LOW HITPOINT WARNING * * *
You hear a shout! x2
Activating: Slouch (1% risk of failure)
Press: ? - help, Dir - look around, f - activate You can feel time thicken for a moment.
You kill the deep elf zephyrmancer!
Cheibriados thoroughly appreciates the change of pace.
Cheibriados raises the support of your attributes as your movement slows.
You destroy the molten gargoyle!
Cheibriados appreciates the change of pace.
You are engulfed in a cloud of scalding steam.
* * * LOW HITPOINT WARNING * * *
You hear a shout!
Your Fighting skill increases to level 9!
Your Axes skill increases to level 12!
Your Shields skill increases to level 7!
Your Invocations skill increases to level 14!
Unknown command.
The steam dragon closely misses you. You block the steam dragon's attack.
The steam dragon breathes steam at you. The ball of steam hits you.
* * * LOW HITPOINT WARNING * * *
The steam dragon bites you but does no damage.
You block the steam dragon's attack.
Unknown command.
The steam dragon breathes steam at you. The ball of steam hits you!!
You die...

.##.......##''#####
.##.......##......#
.##.......##......#
###...<...###....##
.##.......# ##''##
[##.......###.[..##
###.......##....).#
.###########.)....+
############....@§#
#....#..[.###...D##
#....#!.[[# ##)'##
').)÷'..))# #....#
#....#..))##.....)#
#....#.!.)##......#
###################


You could see a steam dragon (catching breath).

Vanquished Creatures
  2 hydras (D)
  A spriggan druid (D)
  A deep elf zephyrmancer (D)
  A molten gargoyle (D)
  A gargoyle (D)
  An efreet (D)
  A troll (D)
  A dream sheep (D)
  A fire bat (D)
  A floating eye (D)
  A wolf (D)
  A kobold brigand (D)
  A scorpion (D)
  A jelly (D)
  3 orc priests (D)
  2 orc wizards (D)
  3 gnolls (D)
  An adder zombie (D)
  4 orcs (D)
  A ball python (D)
  A bat skeleton (D)
  A giant cockroach (D)
  3 jackals (D)
  A bat (D)
  2 frilled lizards (D)
  A quokka skeleton (D)
38 creatures vanquished.

Notes
Turn   | Place    | Note
-------+----------+-------------------------------------------
     0 | D        | rocky1 the Naga Fighter began the quest for the Orb.
     0 | D        | Reached XP level 1. HP: 21/21 MP: 1/1
    18 | D        | Reached XP level 2. HP: 22/30 MP: 2/2
    91 | D        | Found a bloodstained altar of Trog.
    91 | D        | Found a shimmering blue altar of Sif Muna.
    91 | D        | Found a viscous altar of Jiyva.
    91 | D        | Found a hazy altar of Hepliaklqana.
    91 | D        | Found an opulent altar of Gozag.
    92 | D        | Found a glowing golden altar of the Shining One.
    92 | D        | Found a glowing silver altar of Zin.
    92 | D        | Found a basalt altar of Yredelemnul.
    92 | D        | Found a shimmering altar of Xom.
    92 | D        | Found an ornate altar of the Wu Jian Council.
    92 | D        | Found a sacrificial altar of Ru.
    92 | D        | Found a stormy altar of Qazlal.
    92 | D        | Found an iron altar of Okawaru.
    92 | D        | Found a sparkling altar of Nemelex Xobeh.
    92 | D        | Found a burning altar of Makhleb.
    92 | D        | Found a blossoming altar of Fedhas.
    92 | D        | Found a white marble altar of Elyvilon.
    92 | D        | Found a shadowy altar of Dithmenos.
    92 | D        | Found a snail-covered altar of Cheibriados.
    95 | D        | Found a corrupted altar of Lugonu.
    95 | D        | Found a radiant altar of Vehumet.
    96 | D        | Found an ancient bone altar of Kikubaaqudgha.
    96 | D        | Found a hide-covered altar of Uskayaw.
    96 | D        | Found a broken altar of Ashenzari.
   103 | D        | Became a worshipper of Cheibriados the Contemplative
   123 | D        | Reached * piety under Cheibriados
   125 | D        | Reached ** piety under Cheibriados
   396 | D        | Reached *** piety under Cheibriados
   403 | D        | Reached **** piety under Cheibriados
   404 | D        | Reached skill level 1 in Invocations
   404 | D        | Reached XP level 3. HP: 36/37 MP: 3/3
   468 | D        | Noticed a fire bat
   468 | D        | Noticed a floating eye
   468 | D        | Noticed a scorpion
   469 | D        | Paralysed by a floating eye for 2 turns
   472 | D        | Killed a floating eye
   472 | D        | Reached ***** piety under Cheibriados
   473 | D        | Reached skill level 5 in Fighting
   473 | D        | Reached skill level 5 in Armour
   473 | D        | Reached skill level 3 in Invocations
   473 | D        | Reached XP level 4. HP: 46/46 MP: 3/6
   473 | D        | Reached XP level 5. HP: 52/52 MP: 3/7
   476 | D        | Killed a fire bat
   477 | D        | Reached skill level 1 in Dodging
   477 | D        | Reached skill level 5 in Shields
   477 | D        | Reached skill level 5 in Invocations
   477 | D        | Reached XP level 6. HP: 46/62 MP: 3/9
   491 | D        | Reached ****** piety under Cheibriados
   584 | D        | Reached skill level 6 in Invocations
   630 | D        | Reached XP level 7. HP: 63/70 MP: 11/11
   649 | D        | Noticed a gargoyle
   659 | D        | HP: 1/70 [gargoyle/stone arrow (10)]
   663 | D        | Killed a gargoyle
   664 | D        | Reached skill level 7 in Invocations
  1024 | D        | Reached XP level 8. HP: 76/80 MP: 13/13
  1043 | D        | Noticed a spriggan druid
  1043 | D        | Noticed an efreet
  1044 | D        | Killed a spriggan druid
  1045 | D        | Reached skill level 10 in Axes
  1045 | D        | Reached skill level 9 in Invocations
  1045 | D        | Killed an efreet
  1073 | D        | Noticed a dream sheep
  1080 | D        | Killed a dream sheep
  1081 | D        | Reached XP level 9. HP: 81/90 MP: 9/16
  1084 | D        | Found the +7 captain's cutlass {speed, disarm}
  1084 | D        | Noticed a four-headed hydra
  1091 | D        | Killed a five-headed hydra
  1092 | D        | Reached skill level 11 in Invocations
  1302 | D        | Noticed a four-headed hydra
  1305 | D        | Killed a four-headed hydra
  1306 | D        | Reached skill level 12 in Invocations
  1442 | D        | Noticed a troll
  1444 | D        | Reached skill level 13 in Invocations
  1445 | D        | Killed a troll
  1446 | D        | Reached XP level 10. HP: 98/98 MP: 13/20
  1485 | D        | Noticed a deep elf zephyrmancer
  1485 | D        | Noticed a molten gargoyle
  1488 | D        | Killed a deep elf zephyrmancer
  1488 | D        | Killed a molten gargoyle
  1489 | D        | Reached skill level 14 in Invocations
  1490 | D        | Killed from afar by a steam dragon

Illustrated notes

Levels and vault maps discovered:
D:        pitsprint [storerooms_1, entrance_room_1, metal_vault_2, armoury_1,
          mini_pit_1, grid_room_1, main_hall_1, silver_pit, the_coven_3,
          the_vestibule_1, steel_vault_5, golden_pit, hallway_of_sentries,
          crystal_vault_4, iron_vault_1, final_vault]

Skill      XL: |  1  2  3  4  5  6  7  8  9 10 |
---------------+-------------------------------+-----
Armour         | 3 5 6 7 8 9 |  9.1
Shields        | 3 4 5 6 7 |  7.0
Fighting       | 4 5 6 7 8 9 |  9.0
Invocations    | 1 3 5 6 7 9 13 14 | 14.4
Axes           | 4 6 7 9 11 12 | 12.2
Dodging        | 1 2 |  2.4

Action                   |  1- 3 |  4- 6 |  7- 9 | 10-12 || total
-------------------------+-------+-------+-------+-------++-------
Melee: War axe           |    25 |    29 |    34 |       ||    88
Invok: Slouch            |       |       |    11 |     2 ||    13
  Use: Potion            |     1 |     1 |     3 |       ||     5
       Scroll            |       |       |     1 |       ||     1
Armor: Scale mail        |    11 |       |       |       ||    11
       Chain mail        |     5 |    16 |    11 |       ||    32
       Ring mail         |       |       |     7 |     1 ||     8
Dodge: Dodged            |    18 |     7 |    16 |     1 ||    42
Block: Buckler           |    12 |    10 |    13 |     2 ||    37

Table legend: (Time is in decaauts)
 A = Elapsed time spent in this place.
 B = Non-inter-level travel time spent in this place.
 C = Inter-level travel time spent in this place.
 D = Time resting spent in this place.
 E = Time spent auto-exploring this place.
 F = Levels seen in this place.
 G = Mean time per level.
                   A        B        C        D        E       F      G
               +--------+--------+--------+--------+--------+-----+--------+
         Total |   1878 |   1708 |    170 |   1054 |      0 |   1 | 1878.0 |
       Dungeon |   1878 |   1708 |    170 |   1054 |      0 |   1 | 1878.0 |
               +--------+--------+--------+--------+--------+-----+--------+

Top non-repeatable levels by time:
       D: 1878 daAuts
